 Dungeon Crawl Stone Soup version 0.29.0-4-gdea44cf6ec (webtiles) character file.

Game seed: 18421608261026098648

9 qw the Chopper (level 2, -2/17 HPs)
             Began as a Tengu Warper on Aug 28, 2022.
             Slain by a gnoll
             ... wielding a +0 flail
              (10 damage)
             ... on level 1 of the Dungeon.
             The game lasted 00:00:01 (302 turns).

qw the Chopper (Tengu Warper)                        Turns: 302, Time: 00:00:02

Health: -2/17      AC:  3    Str: 11    XL:     2   Next: 12%
Magic:  6/6        EV: 11    Int: 13    God:
Gold:   30         SH:  0    Dex: 13    Spells: 5/5 levels left

rFire   . . .      SeeInvis .   a - +0 hand axe
rCold   . . .      Faith    .   (no shield)
rNeg    . . .      Spirit   .   b - +0 leather armour
rPois   .          Reflect  .   (helmet restricted)
rElec   .          Harm     .   (no cloak)
rCorr   .          Rampage  .   (no gloves)
Will    .....                   (boots unavailable)
Stlth   +.........              (no amulet)
HPRegen 0.05/turn               (no ring)
MPRegen 0.10/turn               (no ring)

@: no status effects
A: beak, talons 3
a: no special abilities


You were on level 1 of the Dungeon.
You visited 1 branch of the dungeon, and saw 1 of its levels.

You collected 30 gold pieces.


Innate Abilities, Weirdness & Mutations

You have a beak for a mouth.
You have claws for feet.


   Skills:
 - Level 2.0 Fighting
 + Level 3.1 Axes
 - Level 1.0 Throwing
 - Level 1.1 Armour
 - Level 2.1 Dodging
 - Level 2.0 Spellcasting
 - Level 2.4 Translocations


You had 5 spell levels left.
You didn't know any spells.
Your spell library contained the following spells:

 Spells                   Type           Power      Damage    Failure   Level
 Blink                    Tloc           14%        N/A       19%         2
 Gell's Gravitas          Tloc           7%         N/A       36%         3
 Lesser Beckoning         Tloc           7%         N/A       36%         3
 Teleport Other           Tloc           7%         N/A       36%         3
 Manifold Assault         Tloc           7%         N/A       98%         5

Inventory:

Hand Weapons
 a - a +0 hand axe (weapon)
 d - a +0 club
Armour
 b - a +0 leather armour (worn)
Scrolls
 c - a scroll of blinking
 e - 2 scrolls of identify {unknown}
 g - a scroll of silence {unknown}
Potions
 f - 2 potions of curing {unknown}
 h - a potion of resistance {unknown}

Dungeon Overview and Level Annotations

Branches:
Dungeon (1/15)

Altars:


Message History

Enter note: A hobgoblin comes into view.
Found 7 gold pieces.
You hit the hobgoblin. Your kick misses the hobgoblin.
You peck the hobgoblin, but do no damage.
The hobgoblin is severely wounded.
The hobgoblin hits you but does no damage.
You hit the hobgoblin but do no damage.
The hobgoblin is heavily wounded.
The hobgoblin hits you.
You hit the hobgoblin but do no damage. You claw the hobgoblin.
You kill the hobgoblin!
Your Axes skill increases to level 3!
You have reached level 2!
You start resting.
HP restored.
You now have 30 gold pieces (gained 7).
Found a stone staircase leading down.
A hobgoblin comes into view.
Enter note: The hobgoblin shouts!
A gnoll comes into view. It is wielding a +0 flail.
The gnoll shouts!
You hit the hobgoblin but do no damage.
You claw the hobgoblin, but do no damage.
The hobgoblin hits you.
You hit the hobgoblin. You peck the hobgoblin.
You kill the hobgoblin!
A rat comes into view.
299 ||| Stepping ~*~*~tactically~*~*~ (stealth).
You barely miss the gnoll. You peck the gnoll.
The gnoll is moderately wounded.
The gnoll hits you with a +0 flail!
You closely miss the gnoll. Your kick misses the gnoll. You peck the gnoll.
The gnoll is moderately wounded.
The gnoll barely misses you.
You hit the gnoll.
The gnoll is heavily wounded.
The gnoll hits you with a +0 flail!
Ouch! That really hurt!
You die...

.....
##################.....#
.................>......
.%.#########..###......
...#...###....##.......
........#......#....#
................%...+
...#..........#.g...#
..##..........##@.#....
..^.................#.r
....................+
.......####.......$.#
......## ##......#.#
......# #.....##.#
#.....# #...... #
......## #......
.......####..


You could see a gnoll.

Vanquished Creatures
  A bat (D:1)
  An endoplasm (D:1)
  2 hobgoblins (D:1)
  A quokka (D:1)
  2 ball pythons (D:1)
  A goblin (D:1)
8 creatures vanquished.

Notes
Turn   | Place    | Note
-------+----------+-------------------------------------------
     0 | D:1      | qw the Tengu Warper began the quest for the Orb.
     0 | D:1      | Reached XP level 1. HP: 12/12 MP: 4/4
     0 | D:1      | 0 ||| qw: Version: 0.1-a-89-g26bdef1
     0 | D:1      | 0 ||| qw: Game counter: 3112
     0 | D:1      | 0 ||| qw: Always use a shield: true
     0 | D:1      | 0 ||| qw: God list: Okawaru
     0 | D:1      | 0 ||| qw: Allow faded altars: false
     0 | D:1      | 0 ||| qw: Do Orc after D:15 true
     0 | D:1      | 0 ||| qw: Do second Lair branch before Depths: true
     0 | D:1      | 0 ||| qw: Lair rune preference: random
     0 | D:1      | 0 ||| qw: Plans: Normal
     0 | D:1      | 0 ||| PLANNING D:1-11
   242 | D:1      | Reached skill level 3 in Axes
   242 | D:1      | Reached XP level 2. HP: 15/17 MP: 6/6
   299 | D:1      | 299 ||| Stepping ~*~*~tactically~*~*~ (stealth).
   302 | D:1      | Slain by a gnoll

Levels and vault maps discovered:
D:1:      evilmike_arrival_crescent, layout_basic, kennysheep_decorative_pillar,
          chequers_serial_rivers_room_a

Skill      XL: |  1 |
---------------+----+-----
Axes           | 3 |  3.1
Fighting       | |  2.0
Throwing       | |  1.0
Armour         | |  1.1
Dodging        | |  2.1
Spellcasting   | |  2.0
Translocations | |  2.4

Action                   || total
-------------------------++-------
Melee: Hand axe          ||    20
       Peck              ||     5
       Kick              ||     3
Throw: Boomerang         ||     7
Armor: Leather armour    ||     9
Dodge: Dodged            ||    11

Table legend:
 A = Non-vault XP
 B = Vault XP
 C = Vault XP percentage of total XP
 D = Non-vault monster count
 E = Vault monster count
 F = Vault count percentage of total count
                 A         B        C        D         E       F
            +---------+---------+-------+---------+---------+-------
      Total |      13 |       0 |   0.0 |       8 |       0 |   0.0
            +---------+---------+-------+---------+---------+-------
        D:1 |      13 |       0 |   0.0 |       8 |       0 |   0.0
            +---------+---------+-------+---------+---------+-------
